 Dungeon Crawl Stone Soup version 0.19-a0-1019-g9c6a58d (console) character file.

112 brucemayne the Chopper (level 4, -1/51 HPs)
             Began as a Vampire Berserker on July 26, 2016.
             Was a Believer of Trog.
             Slain by a sky beast (5 damage)
             ... on level 3 of the Dungeon.
             The game lasted 00:02:06 (548 turns).

brucemayne the Chopper (Vampire Berserker)           Turns: 548, Time: 00:02:07

Health: -1/51      AC:  7    Str: 22    XL:     4   Next: 64%
Magic:  4/4        EV: 10    Int:  9    God:    Trog [**....]
Gold:   64         SH:  0    Dex: 13    Spells: 0 memorised, 3 levels left

rFire  . . .     SeeInvis +     a - +0 hand axe
rCold  . . .     Gourm    .     k - +0 scale mail
rNeg   + . .     Faith    .     (no shield)
rPois  .         Spirit   .     (no helmet)
rElec  .         Dismiss  .     (no cloak)
rCorr  .         Reflect  .     (no gloves)
SustAt .         Harm     .     j - +0 pair of boots
MR     .....                    (no amulet)
Stlth  ..........               (no ring)
                                (no ring)

@: berserking (expiring), very quick, not resistant to hostile enchantments,
extremely unstealthy
A: fangs 3, see invisible, unbreathing
a: Bat Form, Berserk, Trog's Hand, Burn Spellbooks, Renounce Religion


You were on level 3 of the Dungeon.
You worshipped Trog.
Trog was pleased with you.
You were not thirsty.

You visited 1 branch of the dungeon, and saw 3 of its levels.

You collected 64 gold pieces.

Inventory:

Hand Weapons
 a - a +0 hand axe (weapon)
 h - a +2 dagger of venom
Armour
 b - a +0 animal skin
 j - a +0 pair of boots (worn)
 k - a +0 scale mail (worn)
Jewellery
 m - an uncursed ring of wizardry
Scrolls
 e - 2 scrolls of random uselessness {unknown}
 i - a scroll of identify {unknown}
 l - 2 scrolls of teleportation {unknown}
 n - a scroll of immolation {unknown}
 o - a scroll of remove curse {unknown}
Potions
 c - 2 potions of blood
 d - a potion of magic {unknown}
 f - 2 potions of flight {unknown}
 g - 2 potions of curing {unknown}
 p - a potion of cancellation {unknown}


   Skills:
 - Level 2.6 Fighting
 + Level 5.0 Axes
 - Level 1.5 Armour
 - Level 2.1 Dodging


You had 3 spell levels left.
You didn't know any spells.

Dungeon Overview and Level Annotations

Branches:
Dungeon (3/15)

Altars:
Gozag
Nemelex Xobeh


Innate Abilities, Weirdness & Mutations

You have razor-sharp teeth.
You have supernaturally acute eyesight. (SInv)
You can survive without breathing.


Message History

You closely miss the sky beast.
The sky beast is lightly wounded.
The sky beast flickers out of sight for a moment.
The sky beast hits you.
* * * LOW HITPOINT WARNING * * *
The sky beast shocks you.
* * * LOW HITPOINT WARNING * * *
You slash the sky beast! You bite the sky beast!
The sky beast is almost dead.
The sky beast hits you but does no damage.
Unknown command.
You closely miss the sky beast.
The sky beast is almost dead.
Unknown command.
You closely miss the sky beast. Your bite misses the sky beast.
The sky beast is almost dead.
The sky beast hits you.
* * * LOW HITPOINT WARNING * * *
The sky beast shocks you.
You die...

#########
.......#
#......#
#......#
#......#
#.<@[..#
#..Y)..#
#?.....(....
.....########
##....#
.......
........
###.....


You could see a sky beast (invisible).

Vanquished Creatures
  An orc priest (D:3)
  Jessica (D:2)
  Terence (D:2)
  An adder (D:2)
  An ooze (D:2)
  A giant gecko (D:2)
  2 orcs (D:3)
  2 giant cockroaches
  3 goblins
  A kobold (D:2)
  A bat (D:2)
  2 giant newts (D:1)
  2 rats
19 creatures vanquished.

Notes
Turn   | Place    | Note
-------+----------+-------------------------------------------
     0 | D:1      | brucemayne the Vampire Berserker began the quest for the Orb.
     0 | D:1      | Reached XP level 1. HP: 17/17 MP: 1/1
    92 | D:1      | Reached skill level 3 in Axes
   171 | D:2      | Noticed Jessica
   176 | D:2      | Killed Jessica
   176 | D:2      | Reached XP level 2. HP: 23/23 MP: 2/2
   176 | D:2      | Reached XP level 3. HP: 28/28 MP: 3/3
   197 | D:2      | Noticed Terence
   249 | D:2      | Killed Terence
   249 | D:2      | Reached skill level 4 in Axes
   444 | D:2      | Reached XP level 4. HP: 25/34 MP: 4/4
   506 | D:2      | Found an opulent altar of Gozag.
   507 | D:2      | Found a sparkling altar of Nemelex Xobeh.
   534 | D:3      | Noticed a sky beast
   543 | D:3      | Reached ** piety under Trog
   543 | D:3      | Reached skill level 5 in Axes
   548 | D:3      | Slain by a sky beast

Vault maps used:
D:1:      dpeg_arrival_subterranean_lakeside_camping, kennysheep_another_room
D:2:      grunt_temple_overflow_opulence, first_bread, uniq_jessica,
          uniq_terence
D:3:      kennysheep_slugbush, old_standard_altar, lemuel_round_altar,
          ecumenical_altar_1, uniq_grinder

Skill      XL: |  1  2  3  4 |
---------------+-------------+-----
Axes           | 3 4 5 |  5.0
Fighting       | |  2.6
Armour         | |  1.5
Dodging        | |  2.1

Action                   |  1- 3 |  4- 6 || total
-------------------------+-------+-------++-------
Melee: Hand axe          |    37 |    23 ||    60
       Bite              |     3 |     2 ||     5
Invok: Berserk           |     2 |     2 ||     4
  Use: Potion            |     1 |     2 ||     3
 Stab: Sleeping          |     1 |       ||     1
Armor: Animal skin       |     5 |       ||     5
       Scale mail        |    18 |    10 ||    28
Dodge: Dodged            |    27 |     7 ||    34
